 Dungeon Crawl Stone Soup version 0.17-a0-2093-gc772f4b (webtiles) character file.

156 derrpe the Ogre Mage (level 5, 0/50 HPs)
             Began as an Ogre Wizard on Oct 16, 2015.
             Succumbed to a worker ant's poison
             ... on level 2 of the Dungeon.
             The game lasted 00:04:10 (2737 turns).

derrpe the Ogre Mage (Ogre Wizard)                  Turns: 2737, Time: 00:04:11

Health: 0/50       AC:  3    Str: 12    XL:     5   Next: 38%
Magic:  3/11       EV:  9    Int: 18    God:
Gold:   76         SH:  0    Dex:  8    Spells: 4 memorised, 4 levels left

rFire  . . .     SeeInvis .     f - +1 mace
rCold  . . .     Clarity  .     a - +0 robe
rNeg   . . .     SustAt   .     (no shield)
rPois  .         Gourm    .     b - +0 hat
rElec  .         Spirit   .     (no cloak)
rCorr  .         Warding  .     (gloves unavailable)
rMut   .         Stasis   .     (boots unavailable)
MR     .....                    (no amulet)
Stlth  +.........               (no ring)
                                (no ring)

@: lethally poisoned (0 -> -2), very slightly contaminated, hasted, repel
missiles, very quick, not resistant to hostile enchantments, very unstealthy
A: unfitting armour, tough skin 1
a: no special abilities


You were on level 2 of the Dungeon.
You were hungry.

You visited 1 branch of the dungeon, and saw 2 of its levels.

You collected 76 gold pieces.

Inventory:

Hand Weapons
 f - a +1 mace (weapon)
Missiles
 e - 154 stones
 i - 8 curare-tipped needles
 j - 7 tomahawks
 n - 3 large rocks (quivered)
Armour
 a - a +0 robe (worn)
 b - a +0 hat (worn)
Scrolls
 g - a scroll of remove curse
 h - a scroll of random uselessness
 l - a scroll of amnesia
Books
 c - a book of Minor Magic

   Spells                             Type                      Level
   a - Magic Dart                     Conjuration                  1
   b - Blink                          Translocation                2
   c - Call Imp                       Summoning                    2
   d - Repel Missiles                 Charms/Air                   2
   e - Slow                           Hexes                        2
   f - Conjure Flame                  Conjuration/Fire             3
   g - Mephitic Cloud                 Conjuration/Poison/Air       3
Comestibles
 d - a bread ration {@e1}
 p - a meat ration {@e2}
 r - 2 chunks of flesh {@w0}


   Skills:
 + Level 2.6 Fighting
 + Level 1.3 Maces & Flails
 - Level 1.7 Dodging
 - Level 1.5 Stealth
 - Level 4.2 Spellcasting
 - Level 2.1 Conjurations
   Level 0.6 Summonings
 - Level 0.6 Translocations
 * Level 1.0 Air Magic
 * Level 0.7 Poison Magic


You had 4 spell levels left.
You knew the following spells:

 Your Spells              Type           Power        Failure   Level  Hunger
a - Magic Dart            Conj           ##..         8%          1    None
b - Blink                 Tloc           N/A          17%         2    ##.....
c - Repel Missiles        Chrm/Air       #.....       17%         2    ##.....
d - Mephitic Cloud        Conj/Pois/Air  #.......     30%         3    ###....


Dungeon Overview and Level Annotations

Branches:
Dungeon (2/15)

Altars:
Qazlal
Sif Muna
Trog
Zin


Innate Abilities, Weirdness & Mutations

You are too large for most types of armour.
You have tough skin (AC +1).


Message History

As you read the scroll labeled CURHATUNKU, it crumbles to dust.
It is a scroll of identify.
You don't have any unidentified items.
* * * LOW HITPOINT WARNING * * *
You feel sick.
Unknown command.
Unknown command.
Unknown command.
You are feeling hungry.
* * * LOW HITPOINT WARNING * * *
You feel sick.
* * * LOW HITPOINT WARNING * * *
You feel sick.
There is a lethal amount of poison in your body!
There is a lethal amount of poison in your body!
There is a lethal amount of poison in your body!
There is a lethal amount of poison in your body!
* * * LOW HITPOINT WARNING * * *
You feel sick.
You die...

###......#######.########.##.##.#
....###### #...# #.##.##.# ###)#
#...# #.......# #.# #...#
#####.##.#.## #.## #...#
#.......).... ###..###
######...###.###.#..#.##
.......###...§.§§§§..).##.#..#.##
.###.#.#......§§§§§§......#..#...
.###.#.#.#.....§@§.§...#.......##
.##..#.#.######§§§###............
.##.##.#.# #§§§# ###...##.....
.##.##.#.# #...# #.#........
.......#># #...# #._.##.....
.........# #...# ###........
#.#>###### ##.## #.##.##.# ##..#
#.# #.##.##.# #.### #### #<##
#####.##.....


There were no monsters in sight!

Vanquished Creatures
  Ijyb (D:2)
  Natasha (twice) (D:2)
  A worker ant (D:2)
  2 adders (D:2)
  A worm (D:2)
  A giant gecko (D:1)
  11 hobgoblins
  2 jackals (D:2)
  4 kobolds
  3 quokkas (D:2)
  9 bats
  5 giant cockroaches
  3 giant newts
  3 goblins
  2 rats (D:2)
50 creatures vanquished.

Notes
Turn   | Place    | Note
--------------------------------------------------------------
     0 | D:1      | derrpe the Ogre Wizard began the quest for the Orb.
     0 | D:1      | Reached XP level 1. HP: 16/16 MP: 5/5
   254 | D:1      | Reached skill level 1 in Conjurations
   254 | D:1      | Reached XP level 2. HP: 18/26 MP: 3/6
   314 | D:1      | Reached skill level 1 in Fighting
   810 | D:1      | Reached XP level 3. HP: 33/33 MP: 1/8
  1265 | D:2      | Learned a level 2 spell: Blink
  1268 | D:2      | Learned a level 2 spell: Repel Missiles
  1272 | D:2      | Learned a level 3 spell: Mephitic Cloud
  1419 | D:2      | Found a stormy altar of Qazlal.
  1444 | D:2      | Found a glowing silver altar of Zin.
  1451 | D:2      | Reached skill level 4 in Spellcasting
  1532 | D:2      | Found a deep blue altar of Sif Muna.
  1901 | D:2      | Found a bloodstained altar of Trog.
  1901 | D:2      | Noticed Ijyb
  1925 | D:2      | Killed Ijyb
  1925 | D:2      | Reached XP level 4. HP: 25/42 MP: 0/10
  2321 | D:2      | Noticed Natasha
  2328 | D:2      | Killed Natasha
  2328 | D:2      | Reached skill level 1 in Maces & Flails
  2449 | D:2      | Reached XP level 5. HP: 50/50 MP: 5/11
  2626 | D:2      | Noticed Natasha
  2632 | D:2      | Killed Natasha
  2710 | D:2      | Reached skill level 1 in Air Magic
  2725 | D:2      | HP: 2/50 [poisoned by a worker ant]
  2732 | D:2      | HP: 1/50 [poisoned by a worker ant]
  2737 | D:2      | Succumbed to a worker ant's poison

Vault maps used:
D:1:      dpeg_arrival_signposts
D:2:      nicolae_qazlal_general_emergency, nicolae_overflow_crystal_walls,
          overflow_temple_1_default, lightli_temple_of_fire, uniq_iyjb,
          uniq_natasha

Action                   |  1- 3 |  4- 6 || total
-------------------------+-------+-------++-------
Melee: Unarmed           |     4 |       ||     4
       Mace              |     5 |     1 ||     6
Throw: Stone             |    11 |       ||    11
       Tomahawk          |    10 |       ||    10
       Large rock        |     5 |     2 ||     7
 Cast: Magic Dart        |    94 |    63 ||   157
       Repel Missiles    |     2 |       ||     2
  Use: Scroll            |       |     7 ||     7
       Potion            |       |     1 ||     1
  Eat: Chunk             |     3 |     2 ||     5
